 Dungeon Crawl Stone Soup version 0.17.0-24-gcfadda4 (console) character file.

188 gw the Skirmisher (level 5, 0/42 HPs)
             Began as a Mummy Chaos Knight on Nov 17, 2015.
             Slain by Robin
             ... wielding a +0 trident
              (3 damage)
             ... on level 3 of the Dungeon.
             The game lasted 00:04:19 (3335 turns).

gw the Skirmisher (Mummy Chaos Knight)              Turns: 3335, Time: 00:04:19

Health: 0/42       AC:  8    Str: 16      XL:     5   Next: 39%
Magic:  5/5        EV:  6    Int: 11      God:    Xom [*.....]
Gold:   101        SH:  0    Dex: 11 (12) Spells: 0 memorised, 4 levels left

rFire  x . .     SeeInvis .     a - +0 mace (chaos)
rCold  + . .     Clarity  .     i - +0 chain mail (curse)
rNeg   + + +     SustAt   .     (no shield)
rPois  ∞         Gourm    .     (no helmet)
rElec  .         Spirit   .     (no cloak)
rCorr  .         Warding  .     (no gloves)
rMut   .         Stasis   .     (no boots)
MR     .....                    (no amulet)
Stlth  ..........               (no ring)
                                (no ring)

@: not resistant to hostile enchantments, extremely unstealthy
A: no food or potions, fire vulnerability, cold resistance 1, negative energy
resistance 3, torment resistance, unbreathing
a: Renounce Religion


You were on level 3 of the Dungeon.
You worshipped Xom.
You were a special plaything of Xom.
You were not hungry.

You visited 1 branch of the dungeon, and saw 3 of its levels.

You collected 101 gold pieces.

Inventory:

Hand Weapons
 a - a +0 mace of chaos (weapon)
Missiles
 d - 80 stones
 j - a tomahawk (quivered)
 k - 12 poisoned needles
Armour
 i - a cursed +0 chain mail (worn)
Scrolls
 b - a scroll of blinking
 c - 3 scrolls of identify
 g - 3 scrolls of remove curse
 h - 4 scrolls of enchant armour


   Skills:
 + Level 3.8 Fighting
 * Level 3.5 Maces & Flails
 + Level 1.7 Throwing
 + Level 2.6 Armour
 - Level 0.7 Dodging


You had 4 spell levels left.
You didn't know any spells.

Dungeon Overview and Level Annotations

Branches:
Dungeon (3/15)

Altars:
Kikubaaqudgha
Vehumet

Annotations:
D:3 Robin


Innate Abilities, Weirdness & Mutations

You do not eat or drink.
Your flesh is vulnerable to fire.
You are immune to poison.
Your flesh is cold resistant.
You are immune to negative energy.
You are immune to unholy pain and torment.
You can survive without breathing.


Message History

Your orc zombie hits the goblin with a whip.
The goblin dies!
ATTACK MOVE TO (-1,-1)
You hit the hobgoblin.
The hobgoblin is severely wounded.
Robin barely misses you. The hobgoblin hits you. The goblin barely misses you.
Your orc zombie barely misses the hobgoblin.
The goblin hits you but does no damage.
The hobgoblin hits you but does no damage.
ATTACK MOVE TO (-1,-1)
You closely miss the goblin. The hobgoblin hits you.
Robin says, "My army is invincible!"
The goblin barely misses you. x2
The hobgoblin hits you but does no damage.
Your orc zombie hits the hobgoblin with a whip.
The hobgoblin dies!
ATTACK MOVE TO (-1,-1)
You barely miss the goblin.
Robin hits you from afar with a trident.
You die...

.#. #.#. #.. . #.. ..
#.# ... #.# .....
#####.## ....(######
.>.....#
#....gggg.#####
#####).# #g.MZ.....#
#..# #.###.###.# #..#
#.# #.# #.^#
#.###.###.##
#..#######%...........
#...!..).)..##.###.###
#.####)........# #.#
#.###.##### # #.# #.#
#...


You could see Robin, a hobgoblin (frenzied), 3 goblins and a friendly orc
zombie.

Table legend:
 A = Turns spent in this place as a percentage of turns spent in the entire game.
 B = Non-inter-level travel turns spent in this place as a percentage of non-inter-level travel turns spent in the entire game.
 C = Inter-level travel turns spent in this place as a percentage of turns spent in this place.
 D = Turns resting spent in this place as a percentage of non-inter-level travel turns spent in this place.
 E = Turns spent auto-exploring this place as a percentage of non-inter-level travel turns spent in this place.
 F = Non-inter-level travel turns spent in this place divided by the number of levels of this place that you've seen.
                   A       B       C       D       E      F
               +-------+-------+-------+-------+-------+----------------------
         Total | 100.0 | 100.0 |   0.1 |   1.1 |   2.5 | 1421.7
       Dungeon | 100.0 | 100.0 |   0.1 |   1.1 |   2.5 | 1421.7
               +-------+-------+-------+-------+-------+----------------------

Table legend:
 A = Kills in this place as a percentage of kills in entire the game.
 B = Kills by you in this place as a percentage of kills by you in the entire game.
 C = Kills by friends in this place as a percentage of kills by friends in the entire game.
 D = Other kills in this place as a percentage of other kills in the entire game.
 E = Experience gained in this place as a percentage of experience gained in the entire game.
 F = Experience gained in this place divided by the number of levels of this place that you have seen.
                   A       B       C       D       E      F
               +-------+-------+-------+-------+-------+----------------------
         Total | 100.0 | 100.0 | 100.0 |  -nan | 100.0 |  89.7
       Dungeon | 100.0 | 100.0 | 100.0 |  -nan | 100.0 |  89.7
               +-------+-------+-------+-------+-------+----------------------

Vanquished Creatures
  An orc priest (D:3)
  Terence (D:2)
  3 adders
  2 oozes
  3 worms
  4 giant geckos (D:2)
  4 orcs (D:3)
  2 giant cockroaches (D:1)
  7 goblins
  15 hobgoblins
  8 jackals (D:1)
  3 quokkas
  7 bats
  A giant newt (D:1)
  7 kobolds
  13 rats
81 creatures vanquished.

Vanquished Creatures (collateral kills)
  3 goblins (D:3)
  2 hobgoblins (D:3)
5 creatures vanquished.

Grand Total: 86 creatures vanquished

Notes
Turn   | Place    | Note
--------------------------------------------------------------
     0 | D:1      | gw the Mummy Chaos Knight began the quest for the Orb.
     0 | D:1      | Reached XP level 1. HP: 18/18 MP: 1/1
   171 | D:1      | XOM: harmless Hex miscast
   181 | D:1      | Reached XP level 2. HP: 24/24 MP: 2/2
   496 | D:1      | XOM: smoke on damage
   731 | D:1      | Reached XP level 3. HP: 22/29 MP: 3/3
   932 | D:1      | Reached skill level 1 in Throwing
  1137 | D:1      | XOM: harmless Pois miscast
  1845 | D:2      | Found a faded altar to an unknown god.
  1889 | D:2      | Found an ancient bone altar of Kikubaaqudgha.
  1962 | D:2      | XOM: noise
  1969 | D:2      | Reached XP level 4. HP: 28/35 MP: 4/4
  1993 | D:2      | Noticed Terence
  1999 | D:2      | Killed Terence
  2264 | D:2      | XOM: colour smoke trail
  2484 | D:2      | XOM: mild Summ miscast
  2900 | D:3      | XOM is BORED!
  2900 | D:3      | Found a radiant altar of Vehumet.
  2900 | D:3      | XOM: 4-stop teleportation journey
  3017 | D:3      | Reached XP level 5. HP: 32/42 MP: 5/5
  3313 | D:3      | XOM: stat loss: -1 Dex (11/12)
  3317 | D:3      | Noticed Robin
  3335 | D:3      | Slain by Robin

Action                   |  1- 3 |  4- 6 || total
-------------------------+-------+-------++-------
Melee: Mace              |   121 |    86 ||   207
Throw: Stone             |    32 |    26 ||    58
       Tomahawk          |    42 |    30 ||    72
  Use: Scroll            |     5 |     2 ||     7
 Stab: Sleeping          |     1 |       ||     1
       Distracted        |       |     1 ||     1

Vault maps used:
D:1:      dpeg_arrival_ratfight
D:2:      lemuel_doored_altar, ecumenical_altar_2, uniq_terence
D:3:      fiery_altar_vehumet, lemuel_coloured_pillars_altar, first_bread,
          grunt_ministairs_7, uniq_robin, uniq_sigmund
